 Dungeon Crawl Stone Soup version 0.31.0-2-g5a2aebc5c2 (webtiles) character file.

Game seed: 14949590623330720894

84 Persephone the Chopper (level 4, -3/42 HPs)
             Began as a Gargoyle Fighter on Jan 20, 2024.
             Slain by a gnoll bouda
             ... wielding a +0 whip
              (4 damage)
             ... on level 4 of the Dungeon.
             The game lasted 00:03:54 (2247 turns).

Persephone the Chopper (Gargoyle Fighter)           Turns: 2247, Time: 00:03:55

Health: -3/42      AC: 22    Str: 22    XL:     4   Next: 45%
Magic:  4/4        EV:  2    Int:  8    God:
Gold:   278        SH:  4    Dex:  9    Spells: 3/3 levels left

rFire   . . .        a - +0 war axe
rCold   . . .        c - +0 buckler
rNeg    + + .        b - melded +0 scale mail
rPois   ∞            f - melded +0 helmet
rElec   .            (cloak currently unavailable)
rCorr   .            (gloves currently unavailable)
SInv    .            (boots currently unavailable)
Will    +....        (no amulet)
Stlth   +            g - ring of positive energy
HPRegen 0.27/turn    n - ring of willpower
MPRegen 0.09/turn

%: no passive effects
@: mighty, tree-form, weakened, hasted, very quick
A: stationary, stasis, torment immunity, boosted hp, sickness immunity, AC +3,
negative energy resistance 1, (electricity resistance), torment resistance 1,
petrification resistance
a: no special abilities


You were on level 4 of the Dungeon.
You were a tree.
You visited 1 branch of the dungeon, and saw 4 of its levels.

You collected 278 gold pieces.

Inventory:

Hand Weapons
 a - a +0 war axe (weapon)
Armour
 b - a +0 scale mail (melded)
 c - a +0 buckler (worn)
 f - a +0 helmet (melded)
Jewellery
 g - a ring of positive energy (left branch)
 n - a ring of willpower (right branch)
Scrolls
 j - a scroll of revelation
 k - a scroll of summoning
 m - a scroll of enchant armour {unknown}
Potions
 i - a potion of lignification
 l - a potion of mutation {unknown}


   Skills:
 - Level 3.2 Fighting
 * Level 4.1 Axes
 - Level 3.2 Armour
 - Level 3.2 Shields


You had 3 spell levels left.
You didn't know any spells.
Your spell library contained the following spells:

 Spells                   Type           Power      Damage    Failure   Level
 Ensorcelled Hibernation  Hex/Ice        0%         N/A       63%         2
 Passwall                 Erth           0%         N/A       85%         3
 Swiftness                Air            0%         N/A       85%         3


Dungeon Overview and Level Annotations

Branches:
Dungeon (4/15)
 Temple: D:4-7

Altars:

Shops:
D:2 [


Innate Abilities, Weirdness & Mutations

You are a tree.
Your roots penetrate the ground, keeping you stationary.
You cannot be teleported.
You are immune to unholy pain and torment.
Your maximum health is greatly increased.
Your equipment is partially melded.
You are immune to sickness and miasma.
((Your stone body is resilient. (AC +3)))
You are immune to poison.
You resist negative energy. (rN+)
((You are resistant to electric shocks. (rElec)))
You are resistant to unholy torment.
You are immune to petrification.


Message History

You are too injured to fight recklessly!
You are too injured to fight recklessly!
You hit the gnoll but do no damage. You slash the gnoll!
You kill the gnoll!
The gnoll hits you but does no damage. The gnoll barely misses you. x2
You block the gnoll's attack.
You feel very mighty all of a sudden. You block the gnoll's attack.
The gnoll bouda gazes fiercely through you!
You feel your attacks grow feeble. The gnoll hits you with a +0 whip.
You barely miss the gnoll. x2; The gnoll hits you with a +0 club.
The gnoll hits you but does no damage. The gnoll barely misses you.
You hit the gnoll.
The gnoll is moderately wounded.
You hit the gnoll. The gnoll closely misses you.
The gnoll barely misses you. x2
The gnoll misses you. The gnoll bouda closely misses you.
It was a potion of lignification.
You turn into a tree.
Your +0 helmet melds into your body.
Your +0 scale mail melds into your body.
Your roots penetrate the ground.
The gnoll hits you but does no damage. x2
The gnoll hits you with a +0 club.
The gnoll bouda hits you with a +0 whip.
* * * LOW HITPOINT WARNING * * *
You hit the gnoll bouda.
The gnoll bouda is moderately wounded.
You barely miss the gnoll. You hit the gnoll.
Your attacks no longer feel as feeble.
The gnoll hits you with a +0 whip.
* * * LOW HITPOINT WARNING * * *
You block the gnoll's attack. The gnoll hits you but does no damage.
The gnoll bouda gazes fiercely through you!
You feel your attacks grow feeble.
The gnoll bouda hits you with a +0 whip.
* * * LOW HITPOINT WARNING * * *
The gnoll hits you but does no damage.
It was a potion of haste.
You feel yourself speed up.
The gnoll hits you but does no damage. x2
The gnoll bouda hits you with a +0 whip.
You die...

..........# ###'#..........#
#..............# ...............#
..........<..# #####
............#####....
#.g........'........
+.gg>......#........
#..♣g......#........
####..........#####.###
###########.###'###........##.#..
..................'........#[.'..
..................#........#..#..
..................#........#..#..
##..##########....#........#..#..
######..##..##....#........####..
.............'....########## #..


You could see a gnoll bouda and 3 gnolls.

Vanquished Creatures
  A gnoll (D:4)
  An adder (D:2)
  3 dart slugs
  3 endoplasms
  5 giant cockroaches
  5 goblins
  9 hobgoblins
  2 quokkas
  5 ball pythons
  3 bats
  8 frilled lizards
  8 kobolds
  6 rats
59 creatures vanquished.

Notes
Turn   | Place    | Note
-------+----------+-------------------------------------------
     0 | D:1      | Persephone the Gargoyle Fighter began the quest for the
                  | Orb.
     0 | D:1      | Reached XP level 1. HP: 14/14 MP: 1/1
    66 | D:1      | Reached skill level 2 in Axes
   133 | D:1      | Reached XP level 2. HP: 18/19 MP: 2/2
   379 | D:1      | Reached skill level 3 in Axes
   380 | D:1      | Reached XP level 3. HP: 22/23 MP: 3/3
  1018 | D:2      | Found Vueschep's Antique Armour Shoppe.
  1072 | D:2      | Found a faded altar of an unknown god.
  1346 | D:3      | Reached XP level 4. HP: 23/28 MP: 4/4
  1755 | D:3      | Reached skill level 4 in Axes
  2246 | D:4      | HP: 1/42 [gnoll bouda/+0 whip (3)]
  2247 | D:4      | Slain by a gnoll bouda

Illustrated notes

Levels and vault maps discovered:
D:1:      wander_arrival_fairy_ring, layout_basic, minmay_tetromino_l4
D:2:      layout_rooms, shapermc_ecumenical_altar_ellora, serial_shops, shop,
          feat_on_display
D:3:      layout_basic, chequers_serial_rivers_marsh, roderic_roman_lattice
D:4:      layout_gridville, mainiacjoe_overflow_catwalk_spiral

Skill      XL: |  1  2  3  4 |
---------------+-------------+-----
Axes           | 2 3 4 |  4.1
Fighting       | |  3.2
Armour         | |  3.2
Shields        | |  3.2

Action                     |  1- 3 |  4- 6 || total
---------------------------+-------+-------++-------
  Melee: War axe           |   135 |    46 ||   181
    Use: Potion            |       |     3 ||     3
         Scroll            |       |     2 ||     2
 Armour: Scale mail        |   109 |    32 ||   141
         Skin              |       |    11 ||    11
  Dodge: Dodged            |    71 |    26 ||    97
  Block: Buckler           |    29 |    10 ||    39
